 Dungeon Crawl Stone Soup version 0.30.1-11-g7821555f0a (webtiles) character file.

Game seed: 8047891714974219048

107 Ekaitz the Gusty (level 4, -16/24 HPs)
             Began as a Tengu Air Elementalist on Dec 22, 2023.
             Was an Initiate of Vehumet.
             Engulfed by a cloud of flame (21 damage)
             ... on level 4 of the Dungeon.
             The game lasted 00:03:28 (1879 turns).

Ekaitz the Gusty (Tengu Air Elementalist)           Turns: 1879, Time: 00:03:29

Health: -16/24     AC:  2    Str:  9    XL:     4   Next: 85%
Magic:  6/8        EV: 12    Int: 17    God:    Vehumet [......]
Gold:   117        SH:  0    Dex: 14    Spells: 5/8 levels left

rFire   . . .        f - +0 short sword
rCold   . . .        (no shield)
rNeg    . . .        a - +0 robe
rPois   .            (helmet restricted)
rElec   .            (no cloak)
rCorr   .            (no gloves)
SInv    .            (boots unavailable)
Will    .....        (no amulet)
Stlth   ++           (no ring)
HPRegen 0.24/turn    (no ring)
MPRegen 0.11/turn

%: no passive effects
@: no status effects
A: beak, talons 3
a: Renounce Religion


You were on level 4 of the Dungeon.
You worshipped Vehumet.
Vehumet was noncommittal.
You visited 1 branch of the dungeon, and saw 3 of its levels.

You collected 117 gold pieces.

Inventory:

Hand Weapons
 f - a +0 short sword (weapon)
Armour
 a - a +0 robe (worn)
Scrolls
 c - 3 scrolls of identify {unknown}
 d - a scroll of enchant armour {unknown}
 e - a scroll of teleportation {unknown}
Potions
 b - a potion of magic
 g - a potion of degeneration {unknown}


   Skills:
 * Level 0.7 Fighting
 * Level 2.5 Dodging
 + Level 2.1 Stealth
 + Level 2.5 Spellcasting
 * Level 2.7 Conjurations
 * Level 5.6 Air Magic


You had 5 spell levels left.
You knew the following spells:

 Your Spells              Type           Power      Damage    Failure   Level
a - Shock                 Conj/Air       64%        1d7       3%          1
b - Static Discharge      Conj/Air       32%        2-4/arc   4%          2

Your spell library contained the following spells:

 Spells                   Type           Power      Damage    Failure   Level
 Swiftness                Air            21%        N/A       5%          3
 Airstrike                Air            10%        2d(2-18)  17%         4


Dungeon Overview and Level Annotations

Branches:
Dungeon (4/15)
 Temple: D:4-7

Altars:
Vehumet


Innate Abilities, Weirdness & Mutations

You have a beak for a mouth.
You have claws for feet.


Message History

A quokka comes into view.
The zap hits the quokka.
The quokka is lightly wounded.
The zap hits the quokka.
You kill the quokka!
Found a stone staircase leading down.
A sourceless malevolence fills the Dungeon...
You fall into a shaft and drop 2 floors!
The shaft crumbles and collapses.
Found a radiant altar of Vehumet.
Found a stone staircase leading down.
Really walk into a travel-excluded area?
A goblin comes into view. It is wielding a +0 club.
Okay, then.
Found a hand axe and 5 stones.
An orc comes into view. It is wielding a +0 morningstar.
Casting: Shock (safe; 3% risk of failure)
Confirm with . or Enter, or press ? or * to list all spells.
Aiming: Shock (safe; 3% risk of failure)
Press: ? - help, Shift-Dir - straight line, f - goblin
Aim: a goblin, wielding a +0 club (asleep, 100% to hit)
The zap hits the goblin.
The goblin is severely wounded.
Unknown command.
Casting: Shock (safe; 3% risk of failure)
Confirm with . or Enter, or press ? or * to list all spells.
Aiming: Shock (safe; 3% risk of failure)
Press: ? - help, Shift-Dir - straight line, f/p - goblin
Aim: a goblin, wielding a +0 club (severely wounded, 64% to hit)
The zap misses the goblin.
Unknown command.
Really walk into that cloud of flame?
You are engulfed in blazing flames.
Ouch! That really hurt!
* * * LOW HITPOINT WARNING * * *
There is a radiant altar of Vehumet here.
You kneel at the altar of Vehumet.
Vehumet welcomes you!
You are engulfed in blazing flames.
Ouch! That really hurt!
You die...

##.... ##o....
#...(...## ###
#......#.##
...
#.........##.#
........§.§..#
......°°.°..##
......g☼@.°..#
.........°...#
........°.§..#
......#.#..).#
>.......#....#
.......#.....#
......#
#.....# #.....
....... ##...#
##.....


You could see an orc (asleep) and a goblin.

Vanquished Creatures
  An orc priest (D:2)
  4 adders (D:2)
  A worm (D:2)
  A dart slug (D:1)
  2 orcs (D:2)
  A ball python (D:1)
  An endoplasm (D:2)
  3 giant cockroaches (D:2)
  3 goblins (D:2)
  7 hobgoblins
  3 kobolds
  A quokka (D:2)
  A bat (D:2)
  6 rats
35 creatures vanquished.

Notes
Turn   | Place    | Note
-------+----------+-------------------------------------------
     0 | D:1      | Ekaitz the Tengu Air Elementalist began the quest for the
                  | Orb.
     0 | D:1      | Reached XP level 1. HP: 10/10 MP: 4/4
   163 | D:1      | Reached XP level 2. HP: 15/15 MP: 1/6
   167 | D:1      | Learned a level 2 spell: Static Discharge
  1029 | D:2      | Reached XP level 3. HP: 19/19 MP: 1/7
  1160 | D:2      | Reached skill level 5 in Air Magic
  1416 | D:2      | Reached XP level 4. HP: 15/24 MP: 5/8
  1872 | D:2      | You fall into a shaft and drop 2 floors!
  1872 | D:4      | Found a radiant altar of Vehumet.
  1879 | D:4      | Became a worshipper of Vehumet
  1879 | D:4      | Engulfed by a cloud of flame

Illustrated notes

Levels and vault maps discovered:
D:1:      dpeg_arrival_tiny_a, layout_rooms, serial_co_window_serial,
          co_window_paths_b, co_window_corner_a, co_window_paths_a,
          co_window_paths_b, co_window_paths_a, co_window_of_opportunity_b,
          co_window_of_opportunity_b, co_window_corner_cb,
          co_window_unsneaky_path_d, co_window_corner_ca, co_window_4corner_a,
          co_window_paths_d, glass_columns_b
D:2:      layout_rooms, bh_walls_and_bars
D:4:      layout_cave_pools, fiery_altar_vehumet, serial_bayou_pond_a,
          pf_guarded_unrand_meek

Skill      XL: |  1  2  3 |
---------------+----------+-----
Air Magic      | 5 |  5.6
Conjurations   | 2 |  2.7
Fighting       | |  0.7
Dodging        | |  2.5
Stealth        | |  2.1
Spellcasting   | |  2.5

Action                     |  1- 3 |  4- 6 || total
---------------------------+-------+-------++-------
  Melee: Short sword       |       |     6 ||     6
         Kick              |       |     2 ||     2
         Peck              |       |     1 ||     1
   Cast: Shock             |    53 |    38 ||    91
 Armour: Robe              |       |     2 ||     2
  Dodge: Dodged            |     2 |     6 ||     8
